 Dungeon Crawl Stone Soup version bcrawl-1.17.3 (webtiles) character file.

Game seed: 2788409467186177150

9515 Gumption the Protected (level 11, 95/95 HPs)
             Began as a Sand Dwarf Archaeologist on Oct 19, 2019.
             Was an Elder of Yredelemnul.
             Quit the game on level 9 of the Dungeon.
             The game lasted 01:38:28 (11380 turns).

Gumption the Protected (Sand Dwarf Archaeologist)  Turns: 11380, Time: 01:38:29

Health: 95/95      AC: 18    Str: 18    XL:     11   Next: 47%
Magic:  28/28      EV: 10    Int: 16    God:    Yredelemnul [****..]
Gold:   756        SH:  5    Dex:  9    Spells: 15/21 levels left

rFire    . . .     SeeInvis .   a - +8 arc blade {discharge, rElec}
rCold    . . .     Gourm    .   (shield restricted)
rNeg     + . .     Faith    .   C - +0 chain mail {rN+}
rPois    .         Spirit   .   c - +1 hat
rElec    +         Reflect  +   i - +0 cloak
rCorr    .         Harm     .   F - +0 pair of gloves
MR       +....                  d - +2 pair of boots
Stlth    ..........             x - +5 amulet of reflection
HPRegen  0.25/turn              u - ring of magical power
MPRegen  0.21/turn              (no ring)

@: slow
A: small, slowness 1, armour attunement
a: Recall Undead Slaves, Injury Mirror, Animate Dead, Drain Life, Renounce
Religion


You were on level 9 of the Dungeon.
You worshipped Yredelemnul.
Yredelemnul was greatly pleased with you.
You were not hungry.

You visited 2 branches of the dungeon, and saw 10 of its levels.
You also visited: Sewer.

You collected 756 gold pieces.

Inventory:

Hand Weapons
 a - the +8 arc blade (weapon) {discharge, rElec}

   It insulates you from electricity.
 b - a +0 hunting sling
 G - a +0 blowgun
Missiles
 h - 2337 stones (quivered)
 n - 427 bolts
 H - 46 poisoned needles
Armour
 c - a +1 hat (worn)
 d - a +2 pair of boots (worn)
 i - a +0 cloak (worn)
 w - +0 acid dragon scales
 C - a +0 chain mail of positive energy (worn)
 F - a +0 pair of gloves (worn)
Jewellery
 q - an uncursed amulet of guardian spirit
 u - a ring of magical power (left hand)
 x - a +5 amulet of reflection (around neck)
 D - the ring "Zifou" {rElec rPois MR+}
   (You took it off a wight on level 7 of the Dungeon)

   [ring of poison resistance]

   It insulates you from electricity.
   It protects you from poison.
   It affects your resistance to hostile enchantments.
 E - an uncursed amulet of magic regeneration {unknown}
 I - a +3 amulet of reflection
Wands
 r - a wand of polymorph (7)
 A - a wand of flame (18)
 K - a wand of enslavement (14)
Scrolls
 f - a scroll of enchant weapon {unknown}
 g - 3 scrolls of blinking
 j - 2 scrolls of remove curse
 l - 3 scrolls of fear
 o - 2 scrolls of enchant armour
 y - 4 scrolls of teleportation {unknown}
 L - 2 scrolls of fog {unknown}
Potions
 k - a potion of cancellation
 m - 2 potions of brilliance
 p - a potion of might
 s - a potion of berserk rage
 t - 3 potions of haste
 v - 2 potions of agility
 z - a potion of magic
 B - a potion of curing
Comestibles
 e - 17 rations {!d}


   Skills:
 + Level 8.6 Fighting
 * Level 9.2 Short Blades
   Level 3.5 Maces & Flails
 + Level 9.4 Armour
 - Level 2.4 Dodging
 - Level 2.4 Stealth
 + Level 5.6 Spellcasting
 + Level 2.1 Summonings
 + Level 2.1 Air Magic
 - Level 5.0 Invocations
 + Level 3.5 Evocations


You had 15 spell levels left.
You knew the following spells:

 Your Spells              Type           Power        Failure   Level  Hunger
a - Magic Dart            Conj           #...         14%         1    None
b - Summon Lightning Spi  Summ/Air       ##......     86%         5    ######.

Your spell library contained the following spells:

 Spells                   Type           Power        Failure   Level  Hunger
 Summon Small Mammal      Summ           ##..         6%          1    None
 Call Imp                 Summ           ##......     9%          2    #......
 Corona                   Hex            #......      14%         1    None
 Call Canine Familiar     Summ           ##......     19%         3    ##.....
 Ensorcelled Hibernation  Hex/Ice        #.....       22%         2    #......
 Searing Ray              Conj           #.....       22%         2    #......
 Confuse                  Hex            #.......     41%         3    ##.....
 Dazzling Spray           Conj/Hex       #.....       41%         3    ##.....
 Iskenderun's Mystic Bla  Conj           #.......     41%         3    ##.....
 Tukima's Dance           Hex            #.......     41%         3    ##.....
 Summon Ice Beast         Ice/Summ       #.......     67%         4    ####...
 Fulminant Prism          Conj/Hex       #.........   82%         4    ####...
 Irradiate                Conj/Tmut      #.........   99%         5    ######.


Dungeon Overview and Level Annotations

Branches:
Dungeon (9/12)             Temple (1/1) D:5            Lair (0/6) D:8
    Orc (0/1) D:9

Altars:
Ashenzari
Cheibriados
Dithmenos
Elyvilon
Fedhas
Gozag
Hepliaklqana
Kikubaaqudgha
Lugonu
Makhleb
Nemelex Xobeh
Okawaru
Qazlal
Ru
Sif Muna
Trog
Uskayaw
Vehumet
Xom
Yredelemnul
Zin
The Shining One

Shops:
D:4 %   D:5 (   D:8 (   D:9 [


Innate Abilities, Weirdness & Mutations

You are small and have problems with some larger weapons.
You cover ground slowly.
Armour does not affect your spellcasting.


Message History

The orc shouts!
Things that are here:
a +0 dagger; a +0 robe; an orc corpse You hit the orc.
The arc blade crackles.
The orc is struck by an arc of lightning.
You kill the orc!
Yredelemnul accepts your kill.
The lightning grounds out.
The orc hits you but does no damage.
Things that are here:
a +0 flail; an orc corpse You puncture the orc!
You kill the orc!
Yredelemnul accepts your kill. Yredelemnul grants you a wight!
All of the chunks of flesh in your inventory have rotted away.
Quiver which item? (- for none, * to show all) (? for menu, Esc to quit)
Okay, then.
Save game and exit?
Okay, then.
Are you sure you want to abandon this character and quit the game? (Confirm with "yes".)

###.#####.#####.###.........
.....................####.###
###.#####.#########..##.....##
.. #.# #.# #..#.......#... #.#
#.# #..#.......#.. #.# #.#
#......_...... #.# #.#
#..#.......# #.#
#.#########..#.......# ...
......z)@)...##.....##
####.#####..####.####..
#.............#
#.###..#####.## #.# #.##
.#####.###.######.#
....................
####################


You could see a friendly wight.

Vanquished Creatures
  An ogre mage (D:7)
  A two-headed ogre (D:9)
  A cyclops (D:7)
  A gargoyle (D:7)
  A centaur skeleton (D:9)
  A queen bee (D:8)
  A troll (D:7)
  A hippogriff (D:6)
  2 wraiths (D:7)
  5 yaks (D:8)
  A hungry ghost (D:6)
  An acid dragon (D:7)
  Duvessa (D:7)
  4 porcupines (D:8)
  2 orc warriors (D:7)
  3 sky beasts
  A phantom (D:8)
  A black bear (D:9)
  2 ice beasts
  4 ogres
  4 crocodiles
  4 bullfrogs
  2 big kobolds
  A hippogriff zombie (D:6)
  A wyvern zombie (D:6)
  Dowan (D:7)
  A water moccasin skeleton (D:4)
  28 killer bees
  A wight (D:7)
  A howler monkey (D:6)
  7 crimson imps
  A quasit (D:5)
  2 orc priests
  2 hounds (D:6)
  2 jellies
  Jessica (D:2)
  A bullfrog skeleton (D:3)
  An iguana (D:8)
  7 orc wizards
  7 worker ants
  A hound zombie (D:4)
  A howler monkey zombie (D:6)
  6 gnolls
  12 adders
  A howler monkey skeleton (D:6)
  2 shadow imps
  13 oozes
  An adder zombie (D:7)
  7 worms
  2 dart slugs
  11 leopard geckos
  23 orcs
  22 giant cockroaches
  7 goblins
  15 hobgoblins
  11 jackals
  A quokka (D:5)
  13 ball pythons
  7 bats
  22 frilled lizards
  23 kobolds
  A quokka skeleton (D:4)
  8 rats
320 creatures vanquished.

Vanquished Creatures (collateral kills)
  A killer bee (D:8)
1 creature vanquished.

Vanquished Creatures (others)
  A wight (D:8)
  2 bushes (D:8)
  A fungus (D:8)
  15 plants (D:8)
19 creatures vanquished.

Grand Total: 340 creatures vanquished

Notes
Turn   | Place    | Note
-------+----------+-------------------------------------------
     0 | D:1      | Gumption the Sand Dwarf Archaeologist began the quest for
                  | the Orb.
     0 | D:1      | Reached XP level 1. HP: 16/16 MP: 1/1
   206 | D:1      | Reached XP level 2. HP: 24/24 MP: 2/2
   716 | D:1      | Reached XP level 3. HP: 27/29 MP: 3/3
  1003 | D:2      | Reached skill level 1 in Armour
  1055 | D:2      | Reached skill level 1 in Short Blades
  1055 | D:2      | Reached XP level 4. HP: 37/37 MP: 4/4
  1111 | D:2      | Noticed Jessica
  1130 | D:2      | Killed Jessica
  1434 | D:2      | Reached XP level 5. HP: 43/44 MP: 5/5
  2265 | D:3      | Noticed a sky beast
  2287 | D:3      | Killed a sky beast
  2287 | D:3      | Reached XP level 6. HP: 33/51 MP: 6/6
  2624 | D:3      | Found a shattered altar of Ashenzari.
  3253 | D:3      | Found a basalt altar of Yredelemnul.
  3262 | D:3      | Became a worshipper of Yredelemnul the Dark
  3532 | D:4      | Reached XP level 7. HP: 33/58 MP: 7/7
  3776 | D:4      | Found a blossoming altar of Fedhas.
  3973 | D:4      | Found Deqaossen's Food Shop.
  3982 | D:4      | Reached skill level 5 in Armour
  3982 | D:4      | Reached skill level 1 in Invocations
  4002 | D:4      | Reached skill level 1 in Spellcasting
  4345 | D:4      | Reached skill level 5 in Short Blades
  4779 | D:5      | Entered Level 5 of the Dungeon
  4854 | D:5      | Found a staircase to the Ecumenical Temple.
  4914 | D:5      | Reached XP level 8. HP: 53/67 MP: 10/10
  4981 | D:5      | Found a glowing drain.
  5046 | Sewer    | Entered a sewer
  5228 | Sewer    | Reached * piety under Yredelemnul
  5505 | Sewer    | Reached ** piety under Yredelemnul
  5687 | D:5      | Learned a level 1 spell: Magic Dart
  5700 | Temple   | Entered the Ecumenical Temple
  5941 | D:5      | Reached skill level 5 in Fighting
  6187 | D:5      | Found Taeklon's Antique Weapon Shop.
  6693 | D:6      | Noticed a hippogriff
  6698 | D:6      | Killed a hippogriff
  6908 | D:6      | Found a white marble altar of Elyvilon.
  6947 | D:6      | Reached XP level 9. HP: 64/75 MP: 13/13
  7072 | D:6      | Reached *** piety under Yredelemnul
  8188 | D:7      | Noticed a cyclops
  8438 | D:7      | Found a burning altar of Makhleb.
  8547 | D:7      | Noticed an ogre mage
  8557 | D:7      | Killed an ogre mage
  8651 | D:7      | Reached XP level 10. HP: 80/86 MP: 16/16
  8691 | D:7      | Identified the ring "Zifou" {rElec rPois MR+}
  8699 | D:7      | Noticed a gargoyle
  8703 | D:7      | Killed a gargoyle
  8860 | D:7      | Noticed Duvessa
  8863 | D:7      | Noticed Dowan
  8869 | D:7      | Killed Duvessa
  8872 | D:7      | Killed Dowan
  9213 | D:7      | Found a glowing golden altar of the Shining One.
  9214 | D:7      | Found an opulent altar of Gozag.
  9323 | D:7      | Killed a cyclops
  9323 | D:7      | Reached skill level 5 in Invocations
  9340 | D:7      | Learned a level 5 spell: Summon Lightning Spire
  9537 | D:7      | Reached skill level 5 in Spellcasting
 10054 | D:8      | Found Mitroir's Weapon Emporium.
 10073 | D:8      | Reached skill level 1 in Evocations
 10088 | D:8      | Reached **** piety under Yredelemnul
 10092 | D:8      | Reached skill level 1 in Summonings
 10096 | D:8      | Reached skill level 1 in Air Magic
 10098 | D:8      | Reached XP level 11. HP: 45/94 MP: 18/18
 10465 | D:8      | Received a gift from Yredelemnul (a wight)
 10553 | D:8      | Found a staircase to the Lair.
 10954 | D:8      | Found a burning altar of Makhleb.
 10954 | D:8      | Found a snail-covered altar of Cheibriados.
 10955 | D:8      | Found a stormy altar of Qazlal.
 10993 | D:9      | Found a shimmering altar of Xom.
 11171 | D:9      | Noticed a two-headed ogre
 11180 | D:9      | Killed a two-headed ogre
 11190 | D:9      | Found a staircase to the Orcish Mines.
 11274 | D:9      | Found Caam's Armour Shoppe.
 11340 | D:9      | Found a bloodstained altar of Trog.
 11379 | D:9      | Received a gift from Yredelemnul (a wight)
 11380 | D:9      | Quit the game

Skill      XL: |  1  2  3  4  5  6  7  8  9 10 11 |
---------------+----------------------------------+-----
Maces & Flails | 2 3 |  3.5
Fighting       | 2 3 4 5 7 8 |  8.6
Armour         | 1 2 3 4 5 6 7 8 9 |  9.4
Short Blades   | 1 2 3 4 5 6 7 8 9 |  9.2
Invocations    | 1 2 4 5 |  5.0
Spellcasting   | 1 2 4 5 |  5.6
Evocations     | 1 3 |  3.5
Summonings     | 1 2 |  2.1
Air Magic      | 1 2 |  2.1
Dodging        | |  2.4
Stealth        | |  2.4

Action                   |  1- 3 |  4- 6 |  7- 9 | 10-12 || total
-------------------------+-------+-------+-------+-------++-------
Melee: Whip              |    60 |       |       |       ||    60
       Dagger            |    42 |   335 |   339 |       ||   716
       Rapier            |       |       |   177 |   209 ||   386
 Fire: Hunting sling     |       |       |    65 |    18 ||    83
Throw: Stone             |    53 |   112 |    45 |       ||   210
 Cast: Magic Dart        |       |       |    17 |    78 ||    95
Invok: Animate Remains   |       |       |     2 |       ||     2
       Injury Mirror     |       |       |     1 |       ||     1
  Use: Scroll            |       |     9 |     9 |       ||    18
       Potion            |       |       |       |     1 ||     1
 Stab: Sleeping          |     1 |       |       |       ||     1
  Eat: Chunk             |     1 |     8 |    10 |     3 ||    22
       Ration            |       |       |     4 |     2 ||     6
Armor: Robe              |     7 |       |       |       ||     7
       Scale mail        |    25 |   108 |   130 |       ||   263
       Chain mail        |       |       |    65 |    84 ||   149
       Acid dragon scale |       |       |       |    13 ||    13
Dodge: Dodged            |    56 |   150 |   260 |   122 ||   588
Block: Other             |       |     8 |   106 |    48 ||   162
       Reflection        |       |       |       |     2 ||     2
